 Dungeon Crawl Stone Soup version 0.28.0-1-gb440e238dd (webtiles) character file.

Game seed: 12014516511111895072

3401 graymark the Cleaver (level 10, -11/77 (82) HPs)
             Began as a Formicid Fighter on Feb 23, 2022.
             Was a Follower of Makhleb.
             Killed from afar by an orc (30 damage)
             ... with a bolt of acid
             ... on level 7 of the Dungeon.
             The game lasted 00:20:36 (8250 turns).

graymark the Cleaver (Formicid Fighter)             Turns: 8250, Time: 00:20:36

HP:   -11/77 (82)   AC:  8    Str: 26    XL:     10   Next: 24%
MP:   10/10         EV: 13    Int:  7    God:    Makhleb [*.....]
Gold: 267           SH:  4    Dex: 10    Spells: 9/9 levels left

rFire   . . .      SeeInvis +   e - +4 battleaxe (drain)
rCold   . . .      Faith    .   c - +0 buckler
rNeg    + . .      Spirit   .   b - +0 scale mail
rPois   .          Reflect  .   (helmet unavailable)
rElec   .          Harm     .   (no cloak)
rCorr   .          Rampage  .   (no gloves)
Will    +....                   (no boots)
Stlth   ..........              q - amulet of magic regeneration
HPRegen 0.22/turn               m - +4 ring of evasion
MPRegen 0.52/turn               v - ring of positive energy

@: drained
A: permanent stasis, dig shafts and tunnels, antennae 3, four strong arms
a: Dig, Shaft Self, Renounce Religion


You were on level 7 of the Dungeon.
You worshipped Makhleb.
Makhleb was aware of your devotion.
You visited 2 branches of the dungeon, and saw 8 of its levels.
You also visited: Sewer.

You collected 357 gold pieces.
You spent 90 gold pieces at shops.

Inventory:

Hand Weapons
 a - a +0 war axe
 e - a +4 battleaxe of draining (weapon)
 w - a +1 flail of venom
 A - a +3 war axe of freezing
Armour
 b - a +0 scale mail (worn)
 c - a +0 buckler (worn)
 t - a +2 ring mail of fire resistance
 B - +0 steam dragon scales
Jewellery
 m - a +4 ring of evasion (left hand)
 q - an amulet of magic regeneration (around neck)
 v - a ring of positive energy (right hand)
 C - a +6 ring of strength
Wands
 p - a wand of flame (18)
 x - a wand of paralysis (6)
Scrolls
 f - a scroll of enchant armour {unknown}
 h - a scroll of fog {unknown}
 j - 4 scrolls of silence
 l - a scroll of acquirement {unknown}
 n - a scroll of blinking {unknown}
 y - a scroll of vulnerability {unknown}
 z - a scroll of magic mapping {unknown}
Potions
 d - a potion of might
 g - 5 potions of curing
 i - 2 potions of ambrosia
 o - a potion of mutation
 r - a potion of brilliance
 s - 2 potions of flight
 u - 2 potions of attraction
 D - a potion of resistance


   Skills:
 + Level 8.4 Fighting
 * Level 9.8 Axes
 + Level 8.4 Armour
 - Level 4.2 Shields


You had 9 spell levels left.
You didn't know any spells.
Your spell library contained the following spells:

 Spells                   Type           Power      Damage    Failure   Level
 Conjure Flame            Conj/Fire      0%         6-21      98%         3
 Gell's Gravitas          Tloc           0%         N/A       98%         3
 Ignite Poison            Fire/Tmut/Pois 0%         N/A       98%         3
 Lesser Beckoning         Tloc           0%         N/A       98%         3
 Teleport Other           Tloc           0%         N/A       98%         3
 Sticky Flame             Conj/Fire      0%         2d3       100%        4
 Summon Ice Beast         Ice/Summ       0%         N/A       100%        4
 Summon Mana Viper        Hex/Summ       0%         N/A       100%        5
 Monstrous Menagerie      Summ           0%         N/A       100%        7


Dungeon Overview and Level Annotations

Branches:
Dungeon (7/15)             Temple (1/1) D:6           Sewer (visited)

Altars:
Ashenzari
Cheibriados
Dithmenos
Elyvilon
Fedhas
Gozag
Hepliaklqana
Kikubaaqudgha
Makhleb
Nemelex Xobeh
Okawaru
Qazlal
Ru
Sif Muna
Trog
Uskayaw
Vehumet
Wu Jian
Xom
The Shining One

Shops:
D:6 !


Innate Abilities, Weirdness & Mutations

You cannot be hasted, slowed, berserked, paralysed or teleported.
You can dig through walls and to a lower floor.
You have a pair of large antennae on your head. (SInv)
Your four strong arms can wield two-handed weapons with a shield.


Message History

The water moccasin zombie misses you.
You slice the water moccasin zombie!!
The water moccasin zombie is severely damaged.
The water moccasin zombie misses you.
You closely miss the water moccasin zombie.
The water moccasin zombie is severely damaged.
The water moccasin zombie bites you.
* * * LOW HITPOINT WARNING * * *
You hit the water moccasin zombie.
The water moccasin zombie is severely damaged.
The water moccasin zombie bites you.
* * * LOW HITPOINT WARNING * * *
The water moccasin zombie closely misses you.
You completely miss the water moccasin zombie.
The water moccasin zombie is severely damaged.
You block the water moccasin zombie's attack.
You slash the water moccasin zombie!
You destroy the water moccasin zombie!
Makhleb accepts your kill.
You start resting.
You sense a monster nearby. 3 orcs come into view.
An orc is wielding a +0 club and carrying a wand of acid (8).
The orc shouts! x2
Items here: ! ( )))))))) [[[ †††††.
You start resting.
You sense a monster nearby.
You are too injured to fight recklessly!
Unknown command.
You closely miss the orc. The orc closely misses you.
You barely miss the orc. The orc misses you.
The orc hits you but does no damage.
You slash the orc! You drain the orc.
You kill the orc!
Makhleb accepts your kill.
You slice the orc!!
You kill the orc!
Makhleb accepts your kill.
The orc zaps a wand.
The bolt of acid hits you!!
You die...

. ..................####
.? ................#.#..#
... ......#........#.....
.... #.....#.#.......###..
.....#.....#.###..........
...............#..........
........##.#............##
.........##............###
.......##@##...))......##.
......####)....)####......
.....{{...o####...###.....
............##..##......#.
.....oo.#............#.###
......#......#......##.##.
...o.#...................
........#....:........#..
........#....#...........


You could see an orc.

Vanquished Creatures
  Pikel (D:6)
  A wraith (D:5)
  A steam dragon (D:6)
  An orc warrior (D:6)
  2 black bears (D:4)
  2 sky beasts (D:7)
  A necrophage (D:6)
  An ogre (D:6)
  3 centaurs
  A phantom (D:6)
  A lemure (D:6)
  2 kobold brigands (Sewer)
  4 scorpions
  3 water moccasin zombies
  A water moccasin skeleton (D:6)
  2 howler monkeys
  A hound (D:3)
  9 orc priests
  A jelly (D:6)
  A centaur skeleton (D:4)
  Crazy Yiuf (D:2)
  A bullfrog skeleton (D:4)
  A gnoll shaman (D:7)
  6 iguanas
  2 orc wizards
  A scorpion zombie (D:5)
  A killer bee zombie (D:7)
  2 hound zombies
  A hound skeleton (D:4)
  9 gnolls
  7 adders
  3 river rats (D:4)
  A shadow imp (D:3)
  A white imp (D:7)
  An ufetubus (D:5)
  An adder skeleton (D:5)
  5 worms
  2 dart slugs
  21 orcs
  7 bats
  6 endoplasms
  3 giant cockroaches
  9 goblins
  8 hobgoblins
  A jackal (Sewer)
  7 kobolds
  A quokka (D:3)
  7 ball pythons
  3 frilled lizards
  8 rats
166 creatures vanquished.

Notes
Turn   | Place    | Note
-------+----------+-------------------------------------------
     0 | D:1      | graymark the Formicid Fighter began the quest for the Orb.
     0 | D:1      | Reached XP level 1. HP: 18/18 MP: 1/1
   310 | D:1      | Found a faded altar of an unknown god.
   447 | D:1      | Reached XP level 2. HP: 15/24 MP: 2/2
  1091 | D:2      | Reached XP level 3. HP: 11/29 MP: 3/3
  1304 | D:2      | Found a runed translucent door.
  1305 | D:2      | Noticed Crazy Yiuf
  1313 | D:2      | Killed Crazy Yiuf
  1314 | D:2      | Reached XP level 4. HP: 11/37 MP: 4/4
  2218 | D:3      | Reached XP level 5. HP: 33/42 MP: 5/5
  2347 | D:3      | Reached skill level 3 in Axes
  3401 | D:4      | Reached XP level 6. HP: 49/49 MP: 6/6
  3447 | D:4      | Found a glowing drain.
  3454 | Sewer    | Entered a sewer
  3538 | Sewer    | Reached skill level 4 in Axes
  3553 | Sewer    | Reached skill level 5 in Fighting
  3553 | Sewer    | Reached skill level 5 in Armour
  3586 | Sewer    | Reached XP level 7. HP: 10/56 MP: 7/7
  3920 | Sewer    | Found a white marble altar of Elyvilon.
  4177 | D:4      | Reached skill level 5 in Axes
  4355 | D:4      | Reached XP level 8. HP: 56/64 MP: 8/8
  4891 | D:5      | Entered Level 5 of the Dungeon
  4900 | D:5      | Reached skill level 6 in Axes
  5402 | D:5      | Reached skill level 7 in Axes
  5639 | D:5      | Reached XP level 9. HP: 68/71 MP: 9/9
  6666 | D:6      | Noticed Pikel
  6701 | D:6      | Killed Pikel
  6702 | D:6      | Reached skill level 8 in Axes
  6866 | D:6      | Found a staircase to the Ecumenical Temple.
  6953 | Temple   | Entered the Ecumenical Temple
  7168 | Temple   | Became a worshipper of Makhleb the Destroyer
  7195 | D:6      | Found Himagygh's Distillery.
  7204 | D:6      | Bought a potion of curing for 45 gold pieces
  7204 | D:6      | Bought a potion of curing for 45 gold pieces
  7492 | D:6      | Reached skill level 9 in Axes
  7601 | D:6      | Reached XP level 10. HP: 80/80 MP: 10/10
  8174 | D:7      | Reached * piety under Makhleb
  8209 | D:7      | HP: 3/73 [white imp/puff of frost (13)]
  8250 | D:7      | Killed from afar by an orc

Illustrated notes

Levels and vault maps discovered:
D:1:      minmay_arrival_widening_spiral_narrow, layout_loops_cross,
          hellmonk_ecumenical_altar_leap_of_faith
D:2:      layout_rooms, uniq_crazy_yiuf_cottage
D:3:      layout_loops_corners, hangedman_feature_mirror,
          kennysheep_cluttered_room, grunt_ministairs_4
D:4:      nicolae_cairo_tiling, layout_loops_ring, lightli_sewer_entry_pipes
D:5:      kennysheep_six_static_rooms, layout_basic
D:6:      minmay_evil_eye, layout_basic, minmay_temple_entry_proselytizer,
          serial_shops, shop, uniq_pikel
D:7:      layout_cave_pools, bh_walls_and_bars, uniq_duvessa
Temple:   roderic_octagonal_lattice_temple

Skill      XL: |  1  2  3  4  5  6  7  8  9 10 |
---------------+-------------------------------+-----
Shields        | 4 |  4.2
Armour         | 4 5 6 7 8 |  8.4
Fighting       | 4 5 6 7 8 |  8.4
Axes           | 3 4 5 7 9 |  9.8

Action                   |  1- 3 |  4- 6 |  7- 9 | 10-12 || total
-------------------------+-------+-------+-------+-------++-------
Melee: War axe           |    52 |    78 |       |       ||   130
       Battleaxe         |       |    62 |   196 |    62 ||   320
 Abil: Dig               |     5 |     2 |     1 |     5 ||    13
  Use: Scroll            |     1 |     1 |     6 |     1 ||     9
       Potion            |       |       |       |     3 ||     3
Armor: Scale mail        |    24 |    59 |    61 |    18 ||   162
Dodge: Dodged            |    31 |    90 |   120 |    29 ||   270
Block: Buckler           |    12 |    31 |    47 |    16 ||   106
